 Dungeon Sprint DCSS version 0.17-a0-1760-ga6756ae (webtiles) character file.

225 KambridgeKobold the Thaumaturge (level 5, -6/28 HPs)
             Began as a Deep Elf Summoner on Sept 3, 2015.
             Was a High Priest of Jiyva.
             Mangled by an ice devil (32 damage)
             ... summoned by a kobold demonologist
             ... in the Dungeon (Sprint I: "Red Sonja").
             The game lasted 00:07:21 (493 turns).

KambridgeKobold the Thaumaturge (Deep Elf Summoner)  Turns: 493, Time: 00:07:22

Health: -6/28      AC:  6    Str:  6    XL:     5   Next: 68%
Magic:  20/20      EV: 12    Int: 22    God:    Jiyva [*****.]
Gold:   317        SH:  0    Dex: 15    Spells: 6 memorised, 9 levels left

rFire  . . .     SeeInvis .     o - +0 scythe (freeze)
rCold  . . .     Clarity  .     l - +3 leather armour
rNeg   . . .     SustAt   .     (no shield)
rPois  .         Gourm    .     (no helmet)
rElec  .         Spirit   .     (no cloak)
rCorr  +         Warding  .     (no gloves)
rMut   .         NoTele   +     (no boots)
MR     .....                    (no amulet)
Stlth  ++........               (no ring)
                                (no ring)

@: very slightly contaminated, not resistant to hostile enchantments, unstealthy
A: clever 1, acidic bite, tendrils
a: Request Jelly, Jelly Paralyse, Slimify, Cure Bad Mutation, Renounce Religion


You were in the Dungeon.
You worshipped Jiyva.
Jiyva was extremely pleased with you.
You were completely stuffed.

You visited 1 branch You collected 317 gold pieces.

Inventory:

Hand weapons
 o - a +0 scythe of freezing (weapon)
Armour
 l - a +3 leather armour (worn)
Scrolls
 i - a scroll of blinking
 q - a scroll of remove curse {unknown}
Potions
 d - a potion of curing
 e - 2 potions of heal wounds
 f - a potion of haste
 g - 2 potions of magic
 j - a potion of degeneration {unknown}
Comestibles
 c - a bread ration


   Skills:
 - Level 2.4 Dodging
 - Level 2.4 Stealth
 + Level 11.3 Spellcasting
 + Level 9.9 Summonings


You had 9 spell levels left.
You knew the following spells:

 Your Spells              Type           Power        Failure   Level  Hunger
a - Summon Small Mammal   Summ           ####         1%          1    None
b - Call Imp              Summ           ######..     1%          2    None
c - Call Canine Familiar  Summ           ######..     1%          3    None
d - Summon Guardian Gole  Hex/Summ       ####....     3%          3    None
e - Summon Ice Beast      Ice/Summ       ####....     12%         4    None
f - Summon Lightning Spi  Summ/Air       ####....     12%         4    None


Dungeon Overview and Level Annotations

Branches:
Dungeon (1/1)

Altars:
Cheibriados
Dithmenos
Elyvilon
Fedhas
Gozag
Kikubaaqudgha
Makhleb
Nemelex Xobeh
Okawaru
Qazlal
Ru
Sif Muna
Trog
Vehumet
Xom
Yredelemnul
Zin
The Shining One
Jiyva

Shops:
D [


Innate Abilities, Weirdness & Mutations

Your mind is acute. (Int +2)
You have acidic saliva.
You are covered in slimy tendrils that may disarm your opponents.


Message History

You hear a distant slurping noise.
Jiyva appreciates your sacrifice.
You feel a little less hungry.
You hear a distant slurping noise.
You feel a little less hungry.
You hear a distant slurping noise.
Jiyva appreciates your sacrifice.
You feel a little less hungry.
A kobold demonologist comes into view. It is wielding a dagger.
The kobold demonologist gestures wildly while chanting.
You hear a distant slurping noise.
You feel a little less hungry.
The kobold demonologist quivers uncontrollably and liquefies into a jelly!
Your hands burn!
Something hits the jelly.
You hear a slurping noise.
You feel a little less hungry.
You feel better.
You feel a little less hungry.
You feel better.
The jelly misses something.
The ice devil hits you. The ice devil freezes you!!
Ouch! That really hurt!
You die...

######################
..÷..#..'..#__#h8J55.#
..#..'..#..'...3@#...#
####'#####'#__#### ..+
###..#...#.####§$ ##
__####..##.#≈§≈§c
_..__##'#..§§≈≈§
_.∩...'..._#§§§.c#
_..._##_.#'##+####
_____###+#.# ######
###


You could see an ice devil, an iron imp, a shadow imp, a neutral jelly (fellow
slime) and a friendly wolf.

Vanquished Creatures (collateral kills)
  Sigmund (D)
  A yak (D)
  An ogre (D)
  Ijyb (D)
  A jelly (D)
5 creatures vanquished.

Vanquished Creatures (others)
  2 shining eyes (D)
  A gargoyle (D)
  4 jellies (D)
  A giant eyeball (D)
8 creatures vanquished.

Grand Total: 13 creatures vanquished

Notes
Turn   | Place    | Note
--------------------------------------------------------------
     0 | D        | KambridgeKobold the Deep Elf Summoner began the quest for the Orb.
     0 | D        | Reached XP level 1. HP: 10/10 MP: 6/6
     1 | D        | Noticed Ijyb
    44 | D        | Killed Ijyb
    44 | D        | Reached skill level 5 in Spellcasting
    44 | D        | Reached skill level 5 in Summonings
    44 | D        | Reached XP level 2. HP: 12/15 MP: 1/10
   106 | D        | Learned a level 2 spell: Call Imp
   118 | D        | Noticed an ogre
   128 | D        | Killed an ogre
   128 | D        | Reached skill level 8 in Spellcasting
   128 | D        | Reached XP level 3. HP: 19/19 MP: 5/14
   143 | D        | Noticed Sigmund
   151 | D        | Killed Sigmund
   151 | D        | Reached skill level 10 in Spellcasting
   151 | D        | Reached XP level 4. HP: 24/24 MP: 0/18
   151 | D        | Reached XP level 5. HP: 28/28 MP: 0/19
   163 | D        | Learned a level 3 spell: Call Canine Familiar
   167 | D        | Learned a level 3 spell: Summon Guardian Golem
   172 | D        | Learned a level 4 spell: Summon Ice Beast
   177 | D        | Learned a level 4 spell: Summon Lightning Spire
   261 | D        | Killed a gargoyle
   279 | D        | Found a deep blue altar of Sif Muna.
   280 | D        | Noticed a jelly
   280 | D        | Found a viscous altar of Jiyva.
   280 | D        | Found a blossoming altar of Fedhas.
   281 | D        | Noticed a slime creature
   284 | D        | Found a radiant altar of Vehumet.
   289 | D        | Killed a jelly
   314 | D        | Found Faravv Pogyx's Armour Emporium.
   314 | D        | Found a white marble altar of Elyvilon.
   314 | D        | Found a stormy altar of Qazlal.
   314 | D        | Found a burning altar of Makhleb.
   314 | D        | Found a sacrificial altar of Ru.
   314 | D        | Found a basalt altar of Yredelemnul.
   314 | D        | Found a glowing golden altar of the Shining One.
   314 | D        | Found a sparkling altar of Nemelex Xobeh.
   314 | D        | Found a shimmering altar of Xom.
   314 | D        | Found an opulent altar of Gozag.
   314 | D        | Found an ancient bone altar of Kikubaaqudgha.
   314 | D        | Found a glowing silver altar of Zin.
   315 | D        | Noticed a yak
   323 | D        | Killed a yak
   323 | D        | Reached skill level 11 in Spellcasting
   327 | D        | Noticed a centaur warrior
   328 | D        | Noticed a centaur warrior
   333 | D        | Found a snail-covered altar of Cheibriados.
   333 | D        | Found a shadowy altar of Dithmenos.
   335 | D        | Became a worshipper of Jiyva Jaxzeu the Shapeless
   345 | D        | Acquired Jiyva's first power
   350 | D        | Acquired Jiyva's second power
   352 | D        | Found an iron altar of Okawaru.
   353 | D        | Found a bloodstained altar of Trog.
   444 | D        | Gained mutation: You are covered in slimy tendrils that may disarm your opponents. [Jiyva's grace]
   446 | D        | Acquired Jiyva's third power
   459 | D        | Killed a shining eye
   475 | D        | Noticed a kobold demonologist
   485 | D        | Gained mutation: You have acidic saliva. [Jiyva's grace]
   486 | D        | Killed a shining eye
   487 | D        | Noticed a sixfirhy
   488 | D        | Acquired Jiyva's fourth power
   491 | D        | Gained mutation: Your mind is acute. (Int +2) [Jiyva's grace]
   493 | D        | Noticed an ice devil
   493 | D        | Noticed a kobold demonologist
   493 | D        | Slimified a kobold demonologist
   493 | D        | a kobold demonologist changed into a jelly
   493 | D        | Mangled by an ice devil

Vault maps used:
D:        dungeon_sprint_1

Action                   |  1- 3 |  4- 6 || total
-------------------------+-------+-------++-------
Melee: Unarmed           |    11 |       ||    11
       Scythe            |       |     3 ||     3
 Cast: Summon Small Mamm |     9 |     1 ||    10
       Call Imp          |     7 |     1 ||     8
       Call Canine Famil |       |     2 ||     2
       Summon Ice Beast  |       |     1 ||     1
       Summon Lightning  |       |     1 ||     1
       Summon Guardian G |       |     1 ||     1
Invok: Slimify           |       |     1 ||     1
